 Dungeon Crawl Stone Soup version 0.19.5 (webtiles) character file.

453 arnash1 the Cleaver (level 6, 0/79 HPs)
             Began as a Minotaur Berserker on June 16, 2018.
             Was an Elder of Trog.
             Succumbed to kobold's curare-tipped needle
             ... in a sewer.
             The game lasted 00:01:50 (3057 turns).

arnash1 the Cleaver (Minotaur Berserker)            Turns: 3057, Time: 00:01:50

Health: 0/79       AC:  7    Str: 26    XL:     6   Next: 75%
Magic:  5/5        EV: 11    Int:  4    God:    Trog [****..]
Gold:   139        SH:  0    Dex: 12    Spells: 0 memorised, 5 levels left

rFire  . . .     SeeInvis .     Y - +0 hand axe
rCold  . . .     Gourm    .     b - +0 ring mail
rNeg   . . .     Faith    .     (no shield)
rPois  .         Spirit   .     (helmet restricted)
rElec  .         Reflect  .     l - +0 cloak
rCorr  .         Harm     .     n - +0 pair of gloves
MR     .....                    (no boots)
Stlth  ..........               (no amulet)
                                (no ring)
                                (no ring)

@: berserking (expiring), lethally poisoned (0 -> -31), slowed
A: retaliatory headbutt, horns 2
a: Berserk, Trog's Hand, Brothers in Arms, Burn Spellbooks, Renounce Religion


You were in a sewer.
You worshipped Trog.
Trog was greatly pleased with you.
You were not hungry.

You visited 1 branch of the dungeon, and saw 4 of its levels.
You also visited: Sewer.

You collected 139 gold pieces.


Innate Abilities, Weirdness & Mutations

You reflexively headbutt those who attack you in melee.
You have a pair of horns on your head.


   Skills:
 + Level 4.4 Fighting
 + Level 8.9 Axes
 - Level 2.4 Armour
 - Level 2.1 Dodging


You had 5 spell levels left.
You didn't know any spells.

Inventory:

Hand Weapons
 Y - a +0 hand axe (weapon)
Missiles
 j - 2 tomahawks of returning (quivered)
Armour
 a - a +0 chain mail
 b - a +0 ring mail (worn)
 l - a +0 cloak (worn)
 n - a +0 pair of gloves (worn)
Jewellery
 g - an uncursed ring of flight {unknown}
Wands
 f - a wand of teleportation (1/9)
Scrolls
 e - a scroll of noise {unknown}
 k - 2 scrolls of identify
 q - a scroll of fear {unknown}
Potions
 i - 2 potions of heal wounds {unknown}
 m - a potion of flight {unknown}
 o - a potion of degeneration {unknown}
 p - 2 potions of brilliance {unknown}
 r - a potion of curing {unknown}
Comestibles
 c - a bread ration
 h - 2 meat rations

Dungeon Overview and Level Annotations

Branches:
Dungeon (4/15)
 Temple: D:4-7

Altars:
Cheibriados
Makhleb
Yredelemnul


Message History

You slash the kobold!
You kill the kobold!
Trog accepts your kill.
Your ring mail prevents you from hitting the kobold.
You feel very sick.
You slice the kobold!!
You kill the kobold!
Trog accepts your kill.
You barely miss the kobold.
You feel sick. The kobold hits you.
You hit the kobold.
You kill the kobold!
Trog accepts your kill.
You feel very sick.
Eat a chunk of flesh? (ye/n/q)
You start eating the chunk of flesh.
You feel very sick.
This raw flesh tastes terrible.
You feel a strong urge to attack something.
You die...

###### ###### #.[..#
#..!?# #..\.# #.\..#
#....### #.!..#
#....#~~~#?)))#
##)'##~~~##'@###
###..~~#~~~~~~~..#
#...~~~#~~~#P~P.(#
##...~.~#~~~#~~...#
#.......#~~~#~~~..#
#......P#~~~#....P#
#......~#~~~#.....#
##....P~P#~~~#....##
#.....~~~#~~~#~~..##


There were no monsters in sight!

Vanquished Creatures
  A phantom (D:3)
  A hound (D:4)
  An orc wizard (D:4)
  2 orc priests (D:4)
  Ijyb (D:3)
  An iguana (D:4)
  Robin (D:3)
  6 adders
  3 oozes
  An adder skeleton (D:4)
  4 worms
  2 dart slugs
  4 leopard geckos
  9 orcs
  9 bats
  6 giant cockroaches
  12 goblins
  6 hobgoblins
  8 jackals
  6 frilled lizards
  9 kobolds
  6 rats
99 creatures vanquished.

Vanquished Creatures (others)
  4 toadstools (D:1)
4 creatures vanquished.

Grand Total: 103 creatures vanquished

Notes
Turn   | Place    | Note
-------+----------+-------------------------------------------
     0 | D:1      | arnash1 the Minotaur Berserker began the quest for the Orb.
     0 | D:1      | Reached XP level 1. HP: 19/19 MP: 0/0
     0 | D:1      | 0 ||| counter = 15
   147 | D:1      | Reached skill level 4 in Axes
   484 | D:1      | Reached XP level 2. HP: 26/26 MP: 1/1
   574 | D:1      | 574 ||| UPGRADING to ring mail.
   584 | D:1      | 584 ||| DROPPING +0 animal skin.
   585 | D:1      | 585 ||| UPGRADING to cloak.
   590 | D:1      | 590 ||| UPGRADING to pair of gloves.
   595 | D:1      | 595 ||| READING scroll labeled HUJAEZ OC TUNU.
   596 | D:1      | 596 ||| READING scroll labeled AMEXIU WIEFE.
   597 | D:1      | 597 ||| READING scroll labeled UDGHASU HEXA.
   598 | D:1      | 598 ||| READING 2 scrolls labeled CIDILLUNNIA.
   599 | D:1      | 599 ||| READING scroll of identify.
   599 | D:1      | 599 ||| IDENTIFYING sapphire ring
   600 | D:1      | 600 ||| DROPPING +5 ring of intelligence.
   867 | D:2      | Reached skill level 5 in Axes
   874 | D:2      | Reached XP level 3. HP: 31/31 MP: 2/2
   938 | D:2      | Reached ** piety under Trog
  1247 | D:2      | Reached skill level 6 in Axes
  1247 | D:2      | Reached XP level 4. HP: 37/39 MP: 3/3
  1286 | D:2      | 1286 ||| UPGRADING to chain mail.
  1296 | D:2      | 1296 ||| UPGRADING to glowing ring mail.
  1306 | D:2      | 1306 ||| DROPPING +0 ring mail.
  1307 | D:2      | 1307 ||| READING scroll labeled WUIBLU WASH.
  1308 | D:2      | 1308 ||| READING scroll of identify.
  1308 | D:2      | 1308 ||| IDENTIFYING dented bone amulet
  1309 | D:2      | 1309 ||| DROPPING cursed amulet of inaccuracy.
  1730 | D:3      | Noticed Ijyb
  1733 | D:3      | Noticed Robin
  1734 | D:3      | 1734 ||| INVOKING Berserk.
  1741 | D:3      | Killed Ijyb
  1741 | D:3      | Reached skill level 7 in Axes
  1741 | D:3      | Reached XP level 5. HP: 45/45 MP: 4/4
  1743 | D:3      | Noticed a phantom
  1743 | D:3      | Reached *** piety under Trog
  1749 | D:3      | Killed Robin
  1782 | D:3      | Killed a phantom
  2019 | D:3      | Reached XP level 6. HP: 53/53 MP: 5/5
  2164 | D:3      | Found a burning altar of Makhleb.
  2164 | D:3      | Found a basalt altar of Yredelemnul.
  2168 | D:3      | Found a snail-covered altar of Cheibriados.
  2340 | D:3      | 2340 ||| DRINKING 2 bubbling pink potions.
  2350 | D:3      | 2350 ||| DRINKING 2 bubbling amethyst potions.
  2351 | D:3      | 2351 ||| DROPPING potion of ambrosia.
  2352 | D:3      | 2352 ||| DROPPING potion of agility.
  2356 | D:4      | 2356 ||| INVOKING Berserk.
  2396 | D:4      | 2396 ||| EATING slice of pizza.
  2491 | D:4      | Reached skill level 8 in Axes
  2630 | D:4      | 2630 ||| READING scroll of remove curse.
  2640 | D:4      | 2640 ||| INVOKING Berserk.
  2886 | D:4      | Found a glowing drain.
  2887 | D:4      | 2887 ||| Found Sewer.
  2929 | Sewer    | Entered a sewer
  2930 | Sewer    | 2930 ||| Entered Sewer.
  2943 | Sewer    | 2943 ||| Stepping ~*~*~tactically~*~*~ (water).
  3006 | Sewer    | Reached **** piety under Trog
  3052 | Sewer    | 3052 ||| INVOKING Berserk.
  3052 | Sewer    | HP: 19/79 [poisoned by kobold (curare-tipped needle)]
  3054 | Sewer    | HP: 8/79 [kobold (3)]
  3056 | Sewer    | HP: 2/79 [poisoned by kobold (curare-tipped needle)]
  3057 | Sewer    | Succumbed to kobold's curare-tipped needle

Vault maps used:
D:1:      ldierk_walled_garden_2
D:3:      minitemple, uniq_iyjb, uniq_robin
D:4:      nicolae_overflow_hidden_temple, lightli_sewer_entry_pipes,
          mrwooster_statue_mirror, st_stairs_14
Sewer:    kennysheep_pipe_town

Action                   |  1- 3 |  4- 6 || total
-------------------------+-------+-------++-------
Melee: Hand axe          |    78 |   116 ||   194
       Headbutt          |     7 |    27 ||    34
Throw: Tomahawk          |       |    61 ||    61
Invok: Berserk           |       |     4 ||     4
  Use: Scroll            |     5 |     3 ||     8
       Potion            |       |     2 ||     2
  Eat: Chunk             |     1 |     8 ||     9
       Pizza             |       |     1 ||     1
Armor: Animal skin       |     3 |       ||     3
       Ring mail         |    32 |    32 ||    64
Dodge: Dodged            |    53 |    45 ||    98
